 Dungeon Crawl Stone Soup version 0.29.1-12-g30fa7ad0bf (webtiles) character file.

Game seed: 7568603321673067174

9632 devnull the Fighter (level 11, -2/101 HPs)
             Began as a Ghoul Gladiator on Dec 29, 2022.
             Was an Elder of Okawaru.
             Slain by a boulder beetle (18 damage)
             ... on level 11 of the Dungeon.
             The game lasted 00:46:33 (14545 turns).

devnull the Fighter (Ghoul Gladiator)              Turns: 14545, Time: 00:46:34

Health: -2/101     AC: 17    Str: 21    XL:     11   Next: 49%
Magic:  10/10      EV:  7    Int:  5    God:    Okawaru [****..]
Gold:   484        SH:  3    Dex: 10    Spells: 10/10 levels left

rFire   . . .      SeeInvis .   a - +2 broad axe (vorpal)
rCold   + . .      Faith    .   W - +0 buckler
rNeg    + + +      Spirit   .   v - +0 plate armour
rPois   ∞          Reflect  .   c - +0 helmet
rElec   .          Harm     .   m - +0 cloak
rCorr   .          Rampage  .   S - +0 pair of gloves
Will    .....                   G - +0 pair of boots
Stlth   ..........              E - amulet of regeneration
HPRegen 0.00/turn               (no ring)
MPRegen 0.12/turn               (no ring)

@: about to teleport, inhibited regen
A: claws 1, cold resistance 1, negative energy resistance 3, inhibited
regeneration, torment resistance 2, devour on kill
a: Renounce Religion, Heroism, Finesse


You were on level 11 of the Dungeon.
You worshipped Okawaru.
Okawaru was greatly pleased with you.
You visited 2 branches of the dungeon, and saw 12 of its levels.

You collected 578 gold pieces.
You spent 94 gold pieces at shops.

Inventory:

Hand Weapons
 a - a +2 vorpal broad axe (weapon)
 M - a +1 mace of freezing
 O - a +3 shortbow
Missiles
 d - 7 throwing nets
 e - 5 javelins {@f1}
 o - 5 boomerangs (quivered)
 r - 45 poisoned darts {@f2}
 K - 2 silver boomerangs
 L - 2 curare-tipped darts {@f3}
Armour
 c - a +0 helmet (worn)
 m - a +0 cloak (worn)
 v - a +0 plate armour (worn)
 B - a +2 ring mail of fire resistance
 G - a +0 pair of boots (worn)
 S - a +0 pair of gloves (worn)
 W - a +0 buckler (worn)
Jewellery
 A - a ring of ice
 C - a ring of magical power
 E - an amulet of regeneration (around neck)
 R - the ring of Ocasoah {Ice Str+2}
   (You found it on level 9 of the Dungeon)

   [ring of ice]

   It enhances your ice magic.
   Str:       It affects your strength (+2).
   rF:        It makes you vulnerable to fire.
   rC:        It protects you from cold.
Wands
 u - a wand of paralysis (10)
 D - a wand of flame (7)
 I - a wand of roots (9)
 V - a wand of polymorph (5)
Scrolls
 b - a scroll of fear
 f - 4 scrolls of teleportation
 g - a scroll of summoning
 i - 2 scrolls of butterflies
 s - 4 scrolls of vulnerability
 x - a scroll of torment
 y - a scroll of poison
 H - 2 scrolls of amnesia
 N - a scroll of magic mapping {unknown}
 U - a scroll of enchant weapon {unknown}
Potions
 h - a potion of haste {unknown}
 j - 3 potions of might {unknown}
 l - 2 potions of invisibility {unknown}
 n - 2 potions of attraction {unknown}
 p - 4 potions of flight
 q - 2 potions of mutation {unknown}
 t - 3 potions of heal wounds {unknown}
 w - 3 potions of lignification {unknown}
 z - 2 potions of ambrosia {unknown}
 F - a potion of degeneration {unknown}
 J - 2 potions of brilliance {unknown}
 P - a potion of magic {unknown}
 T - a potion of berserk rage {unknown}
Miscellaneous
 Q - a tin of tremorstones (2/2)


   Skills:
 + Level 10.4 Fighting
 + Level 9.0 Axes
 + Level 8.7 Throwing
 - Level 5.0 Armour
 - Level 5.0 Dodging
 + Level 1.8 Shields


You had 10 spell levels left.
You didn't know any spells.
Your spell library contained the following spells:

 Spells                   Type           Power      Damage    Failure   Level
 Apportation              Tloc           0%         N/A       100%        1
 Freeze                   Ice            0%         1d3       100%        1
 Magic Dart               Conj           0%         1d3       100%        1
 Necrotise                Necr           0%         1d4       100%        1
 Frozen Ramparts          Ice            0%         1d1       100%        3
 Mephitic Cloud           Conj/Pois/Air  0%         N/A       100%        3
 Stone Arrow              Conj/Erth      0%         3d7       100%        3
 Corpse Rot               Necr/Pois/Air  0%         N/A       100%        4
 Dispel Undead            Necr           0%         3d6       100%        4
 Hailstorm                Conj/Ice       0%         3d3       100%        4
 Lehudib's Crystal Spear  Conj/Erth      0%         10d2      100%        8
 Summon Small Mammal      Summ           Unusable   N/A       N/A         1
 Call Imp                 Summ           Unusable   N/A       N/A         2
 Animate Armour           Summ/Erth      Unusable   N/A       N/A         4
 Death Channel            Necr           Unusable   N/A       N/A         6

Dungeon Overview and Level Annotations

Branches:
Dungeon (11/15)            Temple (1/1) D:7            Lair (0/5) D:10
    Orc (0/2) D:11

Altars:
Ashenzari
Cheibriados
Dithmenos
Fedhas
Gozag
Hepliaklqana
Kikubaaqudgha
Makhleb
Nemelex Xobeh
Okawaru
Qazlal
Ru
Sif Muna
Trog
Uskayaw
Vehumet
Wu Jian
Xom
Yredelemnul

Shops:
D:1 [   D:10 *

Annotations:
D:7 2 runed translucent doors, mampy3000's ghost, novice MiBe


Innate Abilities, Weirdness & Mutations

You are immune to poison.
You have sharp fingernails.
Your flesh is cold resistant. (rC+)
You are immune to negative energy. (rN+++)
You do not regenerate when monsters are visible.
You are immune to unholy pain and torment.
You thrive by killing the living.


Message History

The efreet gestures at you.
The fireball explodes!
The fireball engulfs you! The efreet barely misses you.
Things that are here:
a +0 dagger; a +0 robe; an orc corpse You hit the efreet but do no damage.
The efreet hits you with a +3 scimitar of flaming!
The efreet burns you.
You hit the efreet.
The efreet is lightly wounded.
The efreet barely misses you. The efreet gestures at you.
The fireball explodes!
The fireball engulfs you!
The fireball engulfs the efreet.
The efreet completely resists.
Okay, then.
Unknown command.
You slash the efreet!
The efreet is moderately wounded.
The efreet hits you with a +3 scimitar of flaming.
The efreet burns you.
The boulder beetle leaps!
You barely miss the efreet.
The efreet is moderately wounded.
The efreet gestures at you. The bolt of fire hits you!
As you read the scroll of teleportation, it crumbles to dust.
You feel strangely unstable. You block the efreet's attack.
You hit the efreet.
The efreet is heavily wounded.
The efreet hits you with a +3 scimitar of flaming.
The efreet burns you.
* * * LOW HITPOINT WARNING * * *
You slash the efreet!
The efreet is severely wounded.
You hit the boulder beetle but do no damage.
The efreet hits you with a +3 scimitar of flaming!
* * * LOW HITPOINT WARNING * * *
The efreet burns you.
* * * LOW HITPOINT WARNING * * *
The boulder beetle bites you!!
You die...

#########################
.................#......#
.................R......#
##..#######....B@#......#
######...##......#......#
.........##..#####.##..####
.<.......###'#..##.##..#..#
##).########..y..#####.R..#
########......8......#.○..#
.......#.............#.○.##
.......#.......B.....#..○.#
........................°.#


You could see a boulder beetle and an efreet.

Vanquished Creatures
  2 two-headed ogres
  A cyclops (D:11)
  A kobold demonologist (D:10)
  A hornet (D:9)
  2 wyverns (D:10)
  2 shadows (D:11)
  10 yaks (D:10)
  A wraith (D:10)
  A steam dragon (D:7)
  4 vampire mosquitoes
  Menkaure (D:5)
  7 water moccasins
  2 orc warriors
  A black bear (D:4)
  An ice beast (D:7)
  2 sky beasts
  3 ogres (D:5)
  A centaur (D:8)
  2 phantoms
  6 kobold brigands
  A bullfrog (D:8)
  A gnoll sergeant (D:8)
  2 necrophages (D:6)
  5 scorpions
  5 wights
  2 troll zombies (D:11)
  6 killer bees
  3 howler monkeys (D:9)
  2 hounds (D:6)
  A jelly (D:8)
  2 gnoll boudas (D:7)
  4 orc priests
  4 iguanas
  11 orc wizards
  Natasha (thrice) (D:3)
  6 ogre zombies (D:11)
  20 gnolls
  10 adders
  A shadow imp (D:7)
  A white imp (D:6)
  4 dart slugs
  31 orcs
  5 ball pythons
  3 bats (D:2)
  6 endoplasms
  10 giant cockroaches
  A goblin (D:3)
  8 hobgoblins
  9 jackals
  19 kobolds
  2 quokkas
  4 frilled lizards
  2 goblin skeletons (D:11)
  2 goblin zombies (D:11)
  2 hobgoblin skeletons (D:11)
  4 hobgoblin zombies (D:11)
  2 orc skeletons (D:11)
  13 orc zombies (D:11)
  2 rats
270 creatures vanquished.

Vanquished Creatures (others)
  4 fungi (D:10)
  18 plants (D:10)
22 creatures vanquished.

Grand Total: 292 creatures vanquished

Notes
Turn   | Place    | Note
-------+----------+-------------------------------------------
     0 | D:1      | devnull the Ghoul Gladiator began the quest for the Orb.
     0 | D:1      | Reached XP level 1. HP: 17/17 MP: 0/0
   178 | D:1      | Reached XP level 2. HP: 25/25 MP: 1/1
   392 | D:1      | Found a faded altar of an unknown god.
   491 | D:1      | Reached XP level 3. HP: 28/30 MP: 2/2
   721 | D:1      | Found Ogilued's Antique Armour Shoppe.
  1204 | D:2      | Reached skill level 3 in Fighting
  1204 | D:2      | Reached XP level 4. HP: 34/38 MP: 3/3
  2042 | D:3      | Reached XP level 5. HP: 22/45 MP: 4/4
  3372 | D:3      | Noticed Natasha
  3385 | D:3      | Killed Natasha
  3763 | D:3      | Noticed Natasha
  3767 | D:3      | Killed Natasha
  3768 | D:3      | Reached XP level 6. HP: 50/52 MP: 5/5
  3809 | D:3      | Noticed Natasha
  3818 | D:3      | Killed Natasha
  4826 | D:4      | Reached skill level 4 in Fighting
  5071 | D:4      | Noticed a black bear
  5090 | D:4      | Killed a black bear
  5091 | D:4      | Reached XP level 7. HP: 53/60 MP: 6/6
  5382 | D:4      | Identified a scroll of acquirement
  5383 | D:4      | Acquired a +2 vorpal broad axe
  5685 | D:5      | Entered Level 5 of the Dungeon
  6030 | D:5      | Noticed Menkaure
  6034 | D:5      | Killed Menkaure
  6035 | D:5      | Reached skill level 5 in Fighting
  6035 | D:5      | Reached XP level 8. HP: 59/68 MP: 7/7
  6418 | D:5      | Found a bloodstained altar of Trog.
  6573 | D:5      | Reached skill level 5 in Axes
  6626 | D:5      | Found a blossoming altar of Fedhas.
  6626 | D:5      | Found a hazy altar of Hepliaklqana.
  6854 | D:6      | Reached skill level 5 in Dodging
  7052 | D:6      | Reached skill level 6 in Fighting
  7135 | D:6      | Reached skill level 5 in Throwing
  7983 | D:7      | Reached XP level 9. HP: 65/78 MP: 8/8
  8095 | D:7      | Reached skill level 7 in Fighting
  8632 | D:7      | Noticed a +0 dagger
  8632 | D:7      | Noticed a +0 short sword
  8633 | D:7      | Noticed a +0 dagger
  8634 | D:7      | Noticed a +0 falchion
  8634 | D:7      | Noticed a +0 falchion
  8635 | D:7      | Noticed a +0 short sword
  8635 | D:7      | Noticed a +0 spear
  8636 | D:7      | Noticed a +0 spear
  8660 | D:7      | Found a staircase to the Ecumenical Temple.
  9217 | D:7      | Found a large runed translucent door.
  9218 | D:7      | Found a large runed translucent door.
  9225 | D:7      | Noticed mampy3000's ghost (novice MiBe)
  9292 | D:7      | Found a hide-covered altar of Uskayaw.
  9422 | Temple   | Entered the Ecumenical Temple
  9806 | Temple   | Became a worshipper of Warmaster Okawaru
  9943 | D:8      | Reached skill level 1 in Armour
  9945 | D:8      | Reached skill level 8 in Fighting
 10238 | D:8      | Found a burning altar of Makhleb.
 11277 | D:8      | Reached XP level 10. HP: 75/89 MP: 9/9
 11579 | D:9      | Noticed a two-headed ogre
 11587 | D:9      | Killed a two-headed ogre
 11587 | D:9      | Reached * piety under Okawaru
 11614 | D:9      | Identified the ring of Ocasoah {Ice Str+2}
 11964 | D:1      | Bought a pair of gloves for 94 gold pieces
 12134 | D:9      | Reached ** piety under Okawaru
 12341 | D:9      | Found a stormy altar of Qazlal.
 12633 | D:10     | Entered Level 10 of the Dungeon
 12661 | D:10     | Reached skill level 9 in Fighting
 12678 | D:10     | Noticed a kobold demonologist
 12699 | D:10     | Killed a kobold demonologist
 12781 | D:10     | Reached *** piety under Okawaru
 12932 | D:10     | Noticed a two-headed ogre
 12965 | D:10     | Killed a two-headed ogre
 13082 | D:10     | Reached XP level 11. HP: 45/99 MP: 10/10
 13169 | D:10     | Found Zin's Purification Station.
 13247 | D:10     | Reached **** piety under Okawaru
 13267 | D:10     | Reached skill level 10 in Fighting
 13272 | D:10     | Reached skill level 5 in Armour
 13334 | D:10     | Found a staircase to the Lair.
 13410 | D:10     | Received a gift from Okawaru
 13766 | D:11     | Found a staircase to the Orcish Mines.
 13908 | D:11     | Reached skill level 1 in Shields
 14022 | D:11     | Noticed a boulder beetle
 14364 | D:11     | Noticed a cyclops
 14378 | D:11     | Killed a cyclops
 14378 | D:11     | Received a gift from Okawaru
 14545 | D:11     | Slain by a boulder beetle

Illustrated notes

Levels and vault maps discovered:
D:1:      dpeg_arrival_castle, layout_basic, serial_shops,
          nicolae_shop_statue_plus, ebering_ecumenical_altar_webs
D:2:      layout_rooms
D:3:      layout_basic, uniq_natasha
D:4:      layout_rooms, serial_co_window_serial, co_window_of_opportunity_a,
          co_window_corner_a, co_window_of_opportunity_a,
          co_window_of_opportunity_a, co_window_paths_a, co_window_paths_b,
          co_window_of_opportunity_a, co_window_paths_a, co_window_paths_a,
          co_window_paths_c, co_window_2corner, co_window_2corner,
          co_window_4corner_b, co_window_sun, glass_columns_a, glass_columns_a,
          minmay_misc_feat_more_columns, corexii_leaking_fountain
D:5:      nicolae_cairo_tiling_large, layout_loops_ring,
          lemuel_coloured_pillars_altar, gammafunk_temple_overflow_elements,
          uniq_menkaure
D:6:      layout_cave_pools
D:7:      layout_basic, nicolae_uskayaw_en_pointe,
          minmay_temple_entry_glassed_door, ebering_ghost_disaster_area
D:8:      layout_layer_cave, lemuel_crystal_altar, kennysheep_generic_room_3
D:9:      layout_long_grid, amcnicky_altar_gilded,
          nicolae_qazlal_eye_of_the_storm
D:10:     layout_loops_ring, zin_purify, minmay_lair_entry_grove
D:11:     layout_gridville, zombieorc2_lemuel, nicolae_straight_to_the_point
Temple:   jpeg_temple_clearing

Skill      XL: |  1  2  3  4  5  6  7  8  9 10 11 |
---------------+----------------------------------+-----
Throwing       | 2 3 4 5 6 8 |  8.7
Axes           | 3 4 6 7 8 9 |  9.0
Dodging        | 3 4 5 |  5.0
Fighting       | 3 4 5 6 8 9 10 | 10.4
Armour         | 2 4 5 |  5.0
Shields        | 1 |  1.8

Action                   |  1- 3 |  4- 6 |  7- 9 | 10-12 || total
-------------------------+-------+-------+-------+-------++-------
Melee: War axe           |    83 |   147 |     9 |       ||   239
       Punch             |       |     2 |     3 |     2 ||     7
       Broad axe         |       |       |   278 |   318 ||   596
Throw: Throwing net      |       |     1 |     1 |     2 ||     4
       Dart              |       |     3 |       |    11 ||    14
       Boomerang         |       |       |    16 |    20 ||    36
       Javelin           |       |       |     5 |    19 ||    24
Evoke: Wand              |       |       |       |     2 ||     2
  Use: Scroll            |       |     4 |    10 |     4 ||    18
       Potion            |       |       |       |     3 ||     3
 Stab: Held in net/web   |       |     1 |       |       ||     1
Armor: Leather armour    |    37 |    16 |       |       ||    53
       Scale mail        |       |    28 |    29 |       ||    57
       Ring mail         |       |       |   114 |   171 ||   285
       Plate armour      |       |       |       |    13 ||    13
Dodge: Dodged            |    85 |   117 |   177 |   230 ||   609
Block: Buckler           |       |       |       |    29 ||    29
